 Dungeon Crawl Stone Soup version 0.29-a0-1019-g84f7d21838 (webtiles) character file.

Game seed: 2934129999860599545

585 IdlyInterested the Twirler (level 7, -4/50 HPs)
             Began as a Demonspawn Gladiator on Aug 10, 2022.
             Slain by a hornet (5 damage)
             ... on level 4 of the Dungeon.
             The game lasted 00:16:36 (4860 turns).

IdlyInterested the Twirler (Demonspawn Gladiator)   Turns: 4860, Time: 00:16:36

Health: -4/50      AC:  8    Str: 13    XL:     7   Next: 14%
Magic:  7/7        EV: 10    Int: 13    God:
Gold:   58         SH:  5    Dex: 18    Spells: 6/6 levels left

rFire   + . .      SeeInvis .   a - +0 quarterstaff
rCold   . . .      Faith    .   (shield currently unavailable)
rNeg    . . .      Spirit   .   v - +1 scale mail
rPois   .          Reflect  +   c - +0 helmet
rElec   .          Harm     .   (no cloak)
rCorr   .          Rampage  .   (no gloves)
Will    +....      Rage     3%  (no boots)
Stlth   +.........              b - amulet of reflection
HPRegen 0.16/turn               o - ring of protection from fire
MPRegen 0.10/turn               w - ring of wizardry

@: lethally poisoned (-4 -> -16), on berserk cooldown, slowed, very slow
A: ignite blood 2, big brain 1, hooves 1, agile 1, berserk 1, strong-willed 1
a: no special abilities


You were on level 4 of the Dungeon.
You visited 1 branch of the dungeon, and saw 4 of its levels.

You collected 172 gold pieces.
You spent 114 gold pieces at shops.

Inventory:

Hand Weapons
 a - a +0 quarterstaff (weapon)
 n - a +2 whip of pain
Missiles
 d - 2 throwing nets
 e - a javelin
 k - 5 poisoned darts (quivered)
Armour
 c - a +0 helmet (worn)
 h - a +0 ring mail
 l - a +0 pair of boots
 v - a +1 scale mail (worn)
Jewellery
 b - an amulet of reflection (around neck)
 o - a ring of protection from fire (left hand)
 w - a ring of wizardry (right hand)
Wands
 y - a wand of flame (1)
Scrolls
 j - 4 scrolls of fear
 m - a scroll of teleportation
 q - a scroll of magic mapping
 s - 3 scrolls of immolation
 t - a scroll of fog
Potions
 f - a potion of attraction
 g - 2 potions of curing
 r - 2 potions of degeneration {unknown}
 u - a potion of magic
 x - a potion of cancellation {unknown}
 z - a potion of resistance {unknown}
 A - a potion of haste


   Skills:
 - Level 2.0 Fighting
 * Level 6.5 Staves
 - Level 2.0 Throwing
 - Level 2.0 Armour
 - Level 2.6 Dodging
 - Level 2.0 Stealth
 + Level 1.6 Evocations


You had 6 spell levels left.
You didn't know any spells.
Your spell library contained the following spells:

 Spells                   Type           Power      Damage    Failure   Level
 Poisonous Vapours        Pois/Air       0%         N/A       61%         2
 Corpse Rot               Necr/Pois/Air  0%         N/A       99%         4


Dungeon Overview and Level Annotations

Branches:
Dungeon (4/15)
 Temple: D:4-7

Altars:
Ashenzari
Uskayaw

Shops:
D:1 (   D:2 *

Annotations:
D:4 Robin


Innate Abilities, Weirdness & Mutations

Your demonic aura often causes spilled blood to erupt in flames.
You have an unusually large brain. (Int +2)
You have large cloven feet.
You are agile. (Dex +4, Str/Int -1)
You sometimes lose your temper in combat.
You are strong-willed. (Will+)


Message History

The goblin hits you with a +0 dagger.
* * * LOW HITPOINT WARNING * * *
The hornet closely misses you.
You hit the hornet. You kick the hornet, but do no damage.
The hornet is lightly wounded.
The goblin no longer looks unusually strong.
The hornet stings you!
* * * LOW HITPOINT WARNING * * *
You feel as though you will be slow longer.
Robin struggles against the net.
The goblin hits you but does no damage.
The hornet stings you but does no damage.
Robin roars a battlecry!
The goblin goes into a battle-frenzy!
Robin struggles against the net.
The goblin hits you but does no damage.
You feel much better. The hornet stings you.
You are poisoned.
You feel as though you will be slow longer.
The hornet stings you.
You feel as though you will be slow longer.
The goblin hits you with a +0 dagger.
You completely miss the goblin. You kick the goblin, but do no damage.
You feel very sick.
The hobgoblin no longer looks unusually strong.
The hornet stings you.
You are more poisoned.
You feel as though you will be slow longer.
Robin's horned helmet rattles.
Robin struggles against the net.
The goblin closely misses you. The hornet closely misses you.
Robin struggles against the net.
The net rips apart, and Robin comes free!
The goblin hits you with a +0 dagger.
You sock the goblin!
You kill the goblin!
* * * LOW HITPOINT WARNING * * *
You feel very sick. The hornet barely misses you. The hornet stings you!
* * * LOW HITPOINT WARNING * * *
You feel as though you will be slow longer.
The hornet stings you.
You die...

.....##..#
############
.....##..#
...#.##..#
####.##..#
#.##..# ##
#..#..# .#
##.#..# .#
#....# ########
.#
##...####..)@yg#
.#
#........####g#
.# #..).#####
#.# .# #.....#
#ygg...... .#
#......#
#......... .#
#......#
#......... ##
#...#>.#
#.........
#......#
..........
#...#.##
#.........


You could see a hornet, Robin and a hobgoblin.

Vanquished Creatures
  Grinder (D:3)
  A necrophage (D:4)
  2 orc priests
  A jelly (D:4)
  Ijyb (D:4)
  An iguana (D:4)
  An orc wizard (D:1)
  3 adders
  A worm (D:2)
  6 dart slugs
  5 orcs
  5 bats
  9 endoplasms
  6 giant cockroaches
  19 goblins
  14 hobgoblins
  16 jackals
  3 quokkas
  10 ball pythons
  4 frilled lizards
  9 kobolds
  6 rats
124 creatures vanquished.

Notes
Turn   | Place    | Note
-------+----------+-------------------------------------------
     0 | D:1      | IdlyInterested the Demonspawn Gladiator began the quest for
                  | the Orb.
     0 | D:1      | Reached XP level 1. HP: 16/16 MP: 1/1
   152 | D:1      | Reached skill level 3 in Staves
   164 | D:1      | Gained mutation: You have an unusually large brain. (Int
                  | +2) [demonic ancestry]
   164 | D:1      | Reached XP level 2. HP: 18/22 MP: 2/2
   221 | D:1      | Found Feptis's Weapon Emporium.
   657 | D:1      | Reached skill level 1 in Armour
   871 | D:1      | Reached XP level 3. HP: 18/27 MP: 3/3
  1383 | D:2      | Found Puut's Assorted Antiques.
  1453 | D:2      | Reached skill level 4 in Staves
  1453 | D:2      | Gained mutation: Your demonic aura sometimes causes spilled
                  | blood to erupt in flames. [demonic ancestry]
  1453 | D:2      | Reached XP level 4. HP: 14/33 MP: 4/4
  2369 | D:2      | Reached XP level 5. HP: 38/38 MP: 5/5
  3051 | D:2      | Bought a scroll labelled JODDUR COWNIPO for 24 gold pieces
  3051 | D:2      | Bought a clear potion for 21 gold pieces
  3051 | D:2      | Bought a scroll labelled KEOTEGR HYFO for 24 gold pieces
  3051 | D:2      | Bought a clear potion for 21 gold pieces
  3051 | D:2      | Bought a scroll labelled VEEVAA IBBOXKI for 24 gold pieces
  3196 | D:3      | Noticed Grinder
  3202 | D:3      | Reached skill level 1 in Stealth
  3203 | D:3      | Paralysed by Grinder for 4 turns
  3226 | D:3      | Killed Grinder
  3227 | D:3      | Reached skill level 5 in Staves
  3227 | D:3      | Gained mutation: Your demonic aura often causes spilled
                  | blood to erupt in flames. [demonic ancestry]
  3227 | D:3      | Reached XP level 6. HP: 18/44 MP: 6/6
  3458 | D:3      | Found a hide-covered altar of Uskayaw.
  3926 | D:3      | Found a broken altar of Ashenzari.
  4230 | D:4      | Reached skill level 6 in Staves
  4524 | D:4      | Noticed Ijyb
  4536 | D:4      | Killed Ijyb
  4537 | D:4      | Reached skill level 1 in Evocations
  4636 | D:4      | Reached XP level 7. HP: 46/50 MP: 7/7
  4688 | D:4      | Gained mutation: Your spells are a little easier to cast,
                  | but a little less powerful. [potion of mutation]
  4688 | D:4      | Gained mutation: You sometimes lose your temper in combat.
                  | [potion of mutation]
  4688 | D:4      | Gained mutation: You have large cloven feet. [potion of
                  | mutation]
  4689 | D:4      | Lost mutation: Your spells are a little easier to cast, but
                  | a little less powerful. [potion of mutation]
  4689 | D:4      | Lost mutation: You have large cloven feet. [potion of
                  | mutation]
  4689 | D:4      | Gained mutation: You are agile. (Dex +4, Str/Int -1)
                  | [potion of mutation]
  4689 | D:4      | Gained mutation: You have large cloven feet. [potion of
                  | mutation]
  4689 | D:4      | Gained mutation: You are strong-willed. (Will+) [potion of
                  | mutation]
  4823 | D:4      | Noticed Robin
  4823 | D:4      | Noticed a hornet
  4848 | D:4      | Paralysed by a hornet for 3 turns
  4860 | D:4      | HP: 1/50 [hornet (12)]
  4860 | D:4      | Slain by a hornet

Illustrated notes

Levels and vault maps discovered:
D:1:      tarquinn_simple_flora_water_f, layout_loops_corners, serial_shops,
          shop
D:2:      minmay_wonky_spiral, layout_loops_cross, serial_shops, shop,
          st_stairs_9, grunt_decor_fettered, chequers_serial_rivers_small_3,
          amcnicky_mini_rare_corridor_liquid, chequers_avenue,
          minmay_misc_feat_diagonals, kennysheep_generic_room_16
D:3:      layout_loops_cross, nicolae_uskayaw_dance_hall,
          ashenzari_conservatory_becter, uniq_grinder
D:4:      layout_basic, uniq_ijyb, uniq_robin

Skill      XL: |  1  2  3  4  5  6 |
---------------+-------------------+-----
Staves         | 3 4 5 6 |  6.5
Armour         | 1 2 |  2.0
Stealth        | 2 |  2.0
Throwing       | 2 |  2.0
Evocations     | 1 |  1.6
Fighting       | |  2.0
Dodging        | |  2.6

Action                   |  1- 3 |  4- 6 |  7- 9 || total
-------------------------+-------+-------+-------++-------
Melee: Quarterstaff      |   115 |   181 |    49 ||   345
       Kick              |       |       |    11 ||    11
Throw: Dart              |       |     6 |       ||     6
       Javelin           |       |     1 |       ||     1
       Throwing net      |       |       |     1 ||     1
  Use: Scroll            |     2 |     9 |       ||    11
       Potion            |       |     1 |     6 ||     7
 Stab: Sleeping          |     1 |       |       ||     1
Armor: Leather armour    |    33 |       |       ||    33
       Ring mail         |    25 |    20 |       ||    45
       Scale mail        |       |    22 |    36 ||    58
Dodge: Dodged            |    66 |    78 |    42 ||   186
Block: Other             |       |    33 |    11 ||    44
       Reflection        |       |     1 |       ||     1

Table legend: (Time is in decaauts)
 A = Elapsed time spent in this place.
 B = Non-inter-level travel time spent in this place.
 C = Inter-level travel time spent in this place.
 D = Time resting spent in this place.
 E = Time spent auto-exploring this place.
 F = Levels seen in this place.
 G = Mean time per level.
                   A        B        C        D        E       F      G
               +--------+--------+--------+--------+--------+-----+--------+
         Total |   4906 |   4388 |    518 |   1061 |   2239 |   4 | 1226.5 |
       Dungeon |   4906 |   4388 |    518 |   1061 |   2239 |   4 | 1226.5 |
               +--------+--------+--------+--------+--------+-----+--------+

Top non-repeatable levels by time:
     D:2: 1805 daAuts
     D:1: 1374 daAuts
     D:3: 1149 daAuts
     D:4: 577 daAuts
